 Dungeon Crawl Stone Soup version 0.19-a0-1888-g6ba2374 (webtiles) character file.

370 Kirkhe the Digger (level 6, -1/32 HPs)
             Began as an Octopode Earth Elementalist on Oct 17, 2016.
             Slain by a centaur
             ... wielding a +0 mace
              (11 damage)
             ... on level 4 of the Dungeon.
             The game lasted 00:08:41 (3043 turns).

Kirkhe the Digger (Octopode Earth Elementalist)     Turns: 3043, Time: 00:08:42

Health: -1/32      AC:  3    Str:  7    XL:     6   Next: 70%
Magic:  4/11       EV: 13    Int: 19    God:
Gold:   140        SH:  0    Dex: 13    Spells: 1 memorised, 13 levels left

rFire  . . .     SeeInvis .     s - +4 whip
rCold  . . .     Gourm    .     (no shield)
rNeg   . . .     Faith    .     g - +2 hat
rPois  +         Spirit   .     (no amulet)
rElec  .         Dismiss  .     j - ring of poison resistance
rCorr  .         Reflect  .     (no ring)
MR     .....     Harm     .     (no ring)
Stlth  +++.......               (no ring)
                                (no ring)
                                (no ring)
                                (no ring)
                                (no ring)

@: no status effects
A: almost no armour, stealthy swim, amphibious, 8 rings, constrict 8, camouflage
1, frail 1, low mp 1, wild magic 1, gelatinous body 1
a: no special abilities


You were on level 4 of the Dungeon.
You were not hungry.

You visited 1 branch of the dungeon, and saw 4 of its levels.

You collected 140 gold pieces.

Inventory:

Hand Weapons
 s - a +4 whip (weapon)
Missiles
 n - 14 poisoned needles
Armour
 g - a +2 hat (worn)
Jewellery
 j - a ring of poison resistance (left tentacle)
Scrolls
 a - a scroll of identify
 e - a scroll of magic mapping
 f - 3 scrolls of remove curse
 k - 2 scrolls of recharging
 o - 2 scrolls of fear
Potions
 b - a potion of agility {unknown}
 l - 2 potions of curing
 m - a potion of heal wounds
 r - a potion of invisibility {unknown}
Books
 d - a book of Geomancy

   Spells                             Type                      Level
   a - Sandblast                      Earth                        1
   b - Passwall                       Transmutation/Earth          2
   c - Stone Arrow                    Conjuration/Earth            3
   d - Petrify                        Transmutation/Earth          4
   e - Lee's Rapid Deconstruction     Earth                        5
Comestibles
 c - 2 bread rations
 i - a royal jelly
 v - a meat ration


   Skills:
 - Level 2.0 Dodging
 - Level 2.6 Stealth
 + Level 4.6 Spellcasting
   Level 1.0 Transmutations
 + Level 5.5 Earth Magic


You had 13 spell levels left.
You knew the following spells:

 Your Spells              Type           Power        Failure   Level  Hunger
a - Sandblast             Erth           ####..       2%          1    None


Dungeon Overview and Level Annotations

Branches:
Dungeon (4/15)
 Temple: D:4-7

Altars:
Cheibriados
Hepliaklqana
Yredelemnul
The Shining One


Innate Abilities, Weirdness & Mutations

You cannot wear most types of armour.
You are very stealthy in the water. (Stealth+)
You are amphibious.
You can wear up to eight rings at the same time.
You can use your tentacles to constrict eight enemies at once.
Your skin changes colour to match your surroundings (Stealth+).
Your rubbery body absorbs attacks. (AC +1, EV +1)
You are frail. (-10% HP)
Your magical capacity is low. (-10% MP)
Your spells are a little harder to cast, but a little more powerful.


Message History

The centaur is lightly wounded.
The centaur closely misses you.
Casting: Sandblast
Confirm with . or Enter, or press ? or * to list all spells.
Aiming: Sandblast
Press: ? - help, Shift-Dir - straight line, f/p - centaur
Aim: a centaur, wielding a mace (lightly wounded)
The blast of sand hits the centaur.
The centaur is moderately wounded.
The centaur hits you with a mace!
Unknown command.
Casting: Sandblast
Confirm with . or Enter, or press ? or * to list all spells.
Aiming: Sandblast
Press: ? - help, Shift-Dir - straight line, f/p - centaur
Aim: a centaur, wielding a mace (moderately wounded)
The blast of sand hits the centaur.
The centaur is severely wounded.
The centaur hits you with a mace!
You die...

*,*,**,*,,,,,,,* *,*
*,*,**,*,,,,,,.# *,*
*,,,**,*,,,,,,.# ***,****
*,****,*,,,,,,.#****,,,,,,*
*,**##,#,,,,,,..,,**,*,**,*
*,,,...#.####*.#*,**,*,**,*
*,**,,..,...#*h#*,,,,,,**,*
*,**,**#.##.##c#*,,*,****,*
*,**,*
#.....@.#*,,*,,,,,,####
*,,,,*
####.####*,,*#######... ##
******
####.#####.,##.....#.##
.########
#...).......#..###...##
........# #.####.###.##..#
#..... ...####.#
#.##.....,,*#..###...##
##...##.#
#.##.#.###**#........##
#...##.# #......#
#.#.#.#.... ##......#
###...## #.##....###


You could see a centaur and a jackal.

Vanquished Creatures
  An ogre (D:4)
  An orc priest (D:3)
  2 orc wizards (D:3)
  Terence (D:3)
  4 adders
  3 gnolls (D:4)
  A howler monkey skeleton (D:4)
  An adder skeleton (D:4)
  2 worms (D:2)
  A dart slug (D:1)
  2 leopard geckos
  8 orcs (D:3)
  11 bats
  6 giant cockroaches
  4 goblins
  6 hobgoblins
  13 jackals
  10 kobolds
  2 quokkas
  2 ball pythons
  4 frilled lizards
  6 rats
91 creatures vanquished.

Notes
Turn   | Place    | Note
-------+----------+-------------------------------------------
     0 | D:1      | Kirkhe the Octopode Earth Elementalist began the quest for the Orb.
     0 | D:1      | Reached XP level 1. HP: 11/11 MP: 3/3
   157 | D:1      | Reached XP level 2. HP: 17/17 MP: 3/5
   663 | D:2      | Reached XP level 3. HP: 21/21 MP: 1/6
  1110 | D:2      | Reached skill level 4 in Earth Magic
  1366 | D:3      | Reached XP level 4. HP: 27/27 MP: 4/8
  1727 | D:3      | Reached XP level 5. HP: 26/31 MP: 1/10
  1796 | D:3      | Noticed Terence
  1917 | D:3      | Found a glowing golden altar of the Shining One.
  1924 | D:3      | Noticed an angel
  1981 | D:3      | Found a basalt altar of Yredelemnul.
  1983 | D:3      | Noticed a profane servitor
  2453 | D:3      | Killed Terence
  2524 | D:3      | Gained mutation: You are frail. (-10% HP) [potion of mutation]
  2524 | D:3      | Gained mutation: Your magical capacity is low. (-10% MP) [potion of mutation]
  2524 | D:3      | Gained mutation: Your spells are a little harder to cast, but a little more powerful. [potion of mutation]
  2544 | D:4      | Found a snail-covered altar of Cheibriados.
  2660 | D:4      | Reached skill level 5 in Earth Magic
  2666 | D:4      | Noticed an ogre
  2668 | D:4      | Killed an ogre
  2668 | D:4      | Reached XP level 6. HP: 32/32 MP: 4/11
  2757 | D:4      | Found a hazy altar of Hepliaklqana.
  3043 | D:4      | Slain by a centaur

Vault maps used:
D:1:      dpeg_arrival_rooms_with_view
D:2:      hangedman_abyss_or_decor_stabs
D:3:      grunt_temple_overflow_holy_war, uniq_terence
D:4:      fedhas_bush_and_centaur_altar, kennysheep_little_box, first_bread,
          cheibriados_altar_1

Skill      XL: |  1  2  3  4  5 |
---------------+----------------+-----
Spellcasting   | 3 4 |  4.6
Earth Magic    | 4 5 |  5.5
Dodging        | |  2.0
Stealth        | |  2.6
Transmutations | |  1.0

Action                   |  1- 3 |  4- 6 || total
-------------------------+-------+-------++-------
Melee: Unarmed           |     2 |     8 ||    10
       Constrict         |     1 |     7 ||     8
       Tentacles         |       |     5 ||     5
       Whip              |       |    17 ||    17
 Cast: Sandblast         |    52 |   109 ||   161
  Use: Potion            |       |     3 ||     3
       Scroll            |       |    11 ||    11
 Stab: Sleeping          |       |     3 ||     3
  Eat: Chunk             |     1 |     6 ||     7
Armor: Skin              |       |     5 ||     5
Dodge: Dodged            |     7 |    56 ||    63
